 Dungeon Crawl Stone Soup version 0.31-a0-1207-g4ab8c38 (webtiles) character file.

Game seed: 7413519923901803780

784 edsrzf the Gusty (level 7, -1/41 HPs)
             Began as an Octopode Air Elementalist on Dec 13, 2023.
             Was an Elder of Ru.
             Slain by a white imp (2 damage)
             ... on level 6 of the Dungeon.
             The game lasted 00:17:25 (5579 turns).

edsrzf the Gusty (Octopode Air Elementalist)        Turns: 5579, Time: 00:17:26

Health: -1/41      AC:  1    Str:  7    XL:     7   Next: 86%
Magic:  11/13      EV: 13    Int: 19    God:    Ru [****..]
Gold:   397        SH:  0    Dex: 13    Spells: 8/14 levels left

rFire   . . .        (no weapon)
rCold   . . .        (no shield)
rNeg    . . .        (helmet restricted)
rPois   .            (no amulet)
rElec   .            f - ring of resist corrosion
rCorr   +            (no ring)
SInv    .            (no ring)
Will    .....        (no ring)
Stlth   +++          (no ring)
HPRegen 0.26/turn    (no ring)
MPRegen 0.13/turn    (no ring)
                     (no ring)

%: no passive effects
@: unable to drink
A: almost no armour, amphibious, 8 rings, camouflage 1, gelatinous body 1,
inability to drink after injury 2, hated by all, cowardly, (nimble swimmer 1),
tentacles
a: Renounce Religion, Draw Out Power, Power Leap


You were on level 6 of the Dungeon.
You worshipped Ru.
Ru was greatly pleased with you.
You visited 1 branch of the dungeon, and saw 6 of its levels.

You collected 397 gold pieces.

Inventory:

Hand Weapons
 g - a +2 sling of electrocution
 n - a +1 antimagic spear
 s - a +2 heavy hand axe
Magical Staves
 b - a staff of death
 h - a staff of fire
 o - a staff of earth
Jewellery
 f - a ring of resist corrosion (left tentacle)
 t - a ring of see invisible
Wands
 q - a wand of light (13)
Scrolls
 e - 3 scrolls of enchant weapon {unknown}
 i - a scroll of identify {unknown}
 m - 2 scrolls of revelation {unknown}
 p - 2 scrolls of teleportation {unknown}
Potions
 a - 2 potions of magic
 c - a potion of invisibility {unknown}
 d - a potion of heal wounds
 j - 2 potions of curing {unknown}
 k - a potion of brilliance {unknown}
 l - 2 potions of attraction {unknown}
 r - 2 potions of degeneration {unknown}


   Skills:
 - Level 2.0 Dodging
 - Level 2.6 Stealth
 - Level 4.1 Spellcasting
 - Level 4.0 Conjurations
 + Level 4.1 Necromancy
 + Level 5.2 Air Magic


You had 8 spell levels left.
You knew the following spells:

 Your Spells              Type           Power      Damage    Failure   Level
a - Static Discharge      Conj/Air       42%        3-5/arc   3%          2
v - Vampiric Draining     Necr           19%        2d7       8%          3
X - Shock                 Conj/Air       84%        1d8       1%          1

Your spell library contained the following spells:

 Spells                   Type           Power      Damage    Failure   Level
 Swiftness                Air            24%        N/A       4%          3
 Momentum Strike          Conj/Tloc      22%        3d8       9%          2
 Slow                     Hex            12%        N/A       14%         1
 Airstrike                Air            12%        2d(2-18)  16%         4
 Blink                    Tloc           6%         N/A       21%         2
 Lesser Beckoning         Tloc           6%         N/A       21%         2
 Confusing Touch          Hex            3%         N/A       38%         3
 Sigil of Binding         Hex            3%         N/A       38%         3
 Borgnjor's Vile Clutch   Necr/Erth      5%         N/A       85%         5
 Alistair's Intoxication  Tmut/Pois      2%         N/A       98%         5
 Eringya's Noxious Bog    Tmut/Pois      1%         4d6       100%        6


Dungeon Overview and Level Annotations

Branches:
Dungeon (6/15)
 Temple: D:4-7

Altars:
Gozag
Kikubaaqudgha
Ru

Shops:
D:5 :

Annotations:
D:4 Menkaure


Innate Abilities, Weirdness & Mutations

You cannot wear most types of armour.
You are amphibious.
You can wear up to eight rings at the same time.
Your skin changes colour to match your surroundings (Stealth+).
Your rubbery body absorbs attacks. (AC +1, EV +1)
You sometimes lose the ability to drink potions when taking damage.
You are hated by all.
Your cowardice makes you less effective in combat with threatening foes.
((You are camouflaged when in or above water. (Stealth+)))
You have tentacles for arms and can constrict up to eight enemies at once.


Message History

You kill the orc!
You tentacle-slap the orc. Your grab misses the orc.
The orc is lightly wounded.
An orc comes into view. It is wielding a +4 short sword.
The orc hits you with a +0 dagger.
The orc shouts!
You tentacle-slap the orc. You grab the orc.
The orc is heavily wounded.
You constrict the orc.
Something shouts, "Back with thee, thou bawdy guts-griping gonus!"
You hear a shout!
The orc hits you with a +0 dagger.
You tentacle-slap the orc.
The orc is severely wounded.
You constrict the orc. The orc hits you with a +0 dagger.
You tentacle-slap the orc.
You kill the orc!
The ufetubus slips past you! The ufetubus misses you.
The ufetubus barely misses you.
The orc throws a boomerang.
The boomerang hits you.
You closely miss the ufetubus. Your grab misses the ufetubus.
The ufetubus hits you. x2
You miss the ufetubus. You grab the ufetubus. You squeeze the ufetubus.
The ufetubus is lightly wounded.
You constrict the ufetubus, but do no damage.
The ufetubus barely misses you. x2; The orc throws a boomerang.
The boomerang barely misses you. The ufetubus closely misses you.
The ufetubus hits you.
You tentacle-slap the ufetubus but do no damage.
Your squeeze misses the ufetubus.
The ufetubus is lightly wounded.
You constrict the ufetubus. The ufetubus misses you.
The ufetubus barely misses you.
You barely miss the orc. You grab the orc. You squeeze the orc!
You kill the orc!
You constrict the ufetubus. The ufetubus barely misses you.
The ufetubus hits you. The ufetubus closely misses you.
The ufetubus hits you but does no damage.
A white imp comes into view.
You tentacle-slap the ufetubus but do no damage.
The ufetubus is moderately wounded.
You constrict the ufetubus. The ufetubus hits you.
The ufetubus barely misses you.
You tentacle-slap the ufetubus but do no damage.
You squeeze the ufetubus.
The ufetubus is severely wounded.
You constrict the ufetubus. The ufetubus barely misses you.
The ufetubus closely misses you. The ufetubus misses you.
The ufetubus closely misses you.
You tentacle-slap the ufetubus.
You squeeze the ufetubus, but do no damage.
The ufetubus is almost dead.
You constrict the ufetubus.
You kill the ufetubus!
An orc comes into view. It is wielding a +0 dagger.
You tentacle-slap the white imp but do no damage.
Your grab misses the white imp. The white imp hits you.
* * * LOW HITPOINT WARNING * * *
The white imp freezes you.
* * * LOW HITPOINT WARNING * * *
You feel threatened and lose the ability to drink potions!
Unknown command.
You cannot drink potions in your current state!
Unknown command.
Casting: Shock (safe; 1% risk of failure)
Confirm with . or Enter, or press ? or * to list all spells.
Okay, then.
Casting: Shock (safe; 1% risk of failure)
Confirm with . or Enter, or press ? or * to list all spells.
Aiming: Shock (safe; 1% risk of failure)
Press: ? - help, Shift-Dir - straight line, f - orc wizard
Aim: an orc wizard, wielding a +0 dagger and wearing a +0 robe (67% to hit)
The zap hits the white imp but does no damage.
The zap hits the orc!
You kill the orc!
The zap misses the orc wizard.
The white imp grinds its teeth.
The white imp hits you.
* * * LOW HITPOINT WARNING * * *
The white imp freezes you.
* * * LOW HITPOINT WARNING * * *
Press: ? - help, v - describe, . - travel, g - get item
Here: a white imp
Items here: ( ))).
An open door, spattered with blood.
You cannot drink potions in your current state!
Unknown command.
Casting: Shock (safe; 1% risk of failure)
Confirm with . or Enter, or press ? or * to list all spells.
Aiming: Shock (safe; 1% risk of failure)
Press: ? - help, Shift-Dir - straight line, f/p - orc wizard
Aim: an orc wizard, wielding a +0 dagger and wearing a +0 robe (67% to hit)
The zap hits the white imp.
The white imp is moderately wounded.
The zap hits the orc wizard.
The orc wizard is heavily wounded.
The white imp hits you.
* * * LOW HITPOINT WARNING * * *
The white imp freezes you.
You die...

...............###
.......>.........#
.....##..........#
.#...........<..#
#..##.###+#....#
#. #..........# ..
#..........#
.....##..........#
#..........@.....#
.........#5######
..#.#..#.#o#
....#..#.#..
..#......#...
..#....###....
##### #####. ..


You could see an orc wizard and a white imp.

Vanquished Creatures
  An ice beast (D:5)
  A black bear (D:5)
  A phantom (D:5)
  A howler monkey (D:5)
  3 hounds
  2 orc priests (D:4)
  An iguana (D:5)
  A sleepcap (D:5)
  Jessica (D:2)
  An orc wizard (D:4)
  5 gnolls
  6 adders
  An ufetubus (D:6)
  2 worms
  5 dart slugs
  12 orcs
  3 bats
  6 endoplasms
  A giant cockroach (D:3)
  9 goblins
  10 hobgoblins
  5 jackals
  4 kobolds
  A quokka (D:5)
  7 ball pythons
  A frilled lizard (D:3)
  4 rats (D:1)
95 creatures vanquished.

Vanquished Creatures (others)
  A hound (D:5)
1 creature vanquished.

Grand Total: 96 creatures vanquished

Notes
Turn   | Place    | Note
-------+----------+-------------------------------------------
     0 | D:1      | edsrzf the Octopode Air Elementalist began the quest for
                  | the Orb.
     0 | D:1      | Reached XP level 1. HP: 11/11 MP: 3/3
   123 | D:1      | Found a faded altar of an unknown god.
   127 | D:1      | Prayed at the altar of an unknown god.
   127 | D:1      | Became a worshipper of Ru the Awakened
   142 | D:1      | Gained mutation: You occasionally lose the ability to drink
                  | potions when taking damage. [Ru sacrifice]
   142 | D:1      | Gained mutation: You sometimes lose the ability to drink
                  | potions when taking damage. [Ru sacrifice]
   142 | D:1      | Reached * piety under Ru
   204 | D:1      | Reached XP level 2. HP: 17/17 MP: 1/5
   737 | D:1      | Reached skill level 2 in Conjurations
   844 | D:1      | Reached XP level 3. HP: 21/21 MP: 2/6
  1469 | D:2      | Reached skill level 3 in Spellcasting
  1511 | D:2      | Reached XP level 4. HP: 23/27 MP: 8/8
  1664 | D:2      | Noticed Jessica
  1672 | D:2      | Killed Jessica
  1673 | D:2      | Reached skill level 3 in Conjurations
  2208 | D:3      | Reached XP level 5. HP: 31/31 MP: 4/10
  2618 | D:3      | Gained mutation: Your cowardice makes you less effective in
                  | combat with threatening foes. [Ru sacrifice]
  2618 | D:3      | Reached ** piety under Ru
  2779 | D:3      | Reached skill level 4 in Spellcasting
  2783 | D:3      | Reached skill level 4 in Conjurations
  2783 | D:3      | Reached XP level 6. HP: 4/36 MP: 2/12
  3447 | D:4      | Learned a level 2 spell: Static Discharge
  3451 | D:4      | Learned a level 3 spell: Vampiric Draining
  3511 | D:4      | Noticed Menkaure
  3688 | D:4      | Reached skill level 1 in Necromancy
  3695 | D:4      | Identified 2 potions of heal wounds
  4271 | D:5      | Entered Level 5 of the Dungeon
  4381 | D:5      | Reached skill level 2 in Necromancy
  4431 | D:5      | Found Ajoiniz's Book Shoppe.
  4565 | D:5      | Noticed an ice beast
  4596 | D:5      | Killed an ice beast
  4597 | D:5      | Reached skill level 4 in Air Magic
  4597 | D:5      | Reached XP level 7. HP: 25/41 MP: 5/13
  4709 | D:5      | Reached skill level 3 in Necromancy
  4894 | D:5      | Found an ancient bone altar of Kikubaaqudgha.
  4894 | D:5      | Found an opulent altar of Gozag.
  4895 | D:5      | Found a sacrificial altar of Ru.
  5180 | D:5      | Reached skill level 5 in Air Magic
  5339 | D:5      | Reached skill level 4 in Necromancy
  5552 | D:6      | Gained mutation: You are hated by all. [Ru sacrifice]
  5552 | D:6      | Reached *** piety under Ru
  5552 | D:6      | Reached **** piety under Ru
  5579 | D:6      | HP: 1/41 [white imp (2)]
  5579 | D:6      | Slain by a white imp

Illustrated notes

Levels and vault maps discovered:
D:1:      kennysheep_arrival_forest, layout_loops_cross, basic_ecumenical_altar,
          minmay_misc_feat_tower
D:2:      layout_loops_ring, uniq_jessica
D:3:      layout_basic, serial_forest, infiniplex_forest_straight_2,
          infiniplex_forest_lined_1, infiniplex_forest_lined_2,
          infiniplex_forest_clump_medium, infiniplex_forest_clump_tiny,
          infiniplex_forest_straight_3, infiniplex_forest_lined_room_3,
          infiniplex_forest_end_2, infiniplex_forest_lined_4_way,
          infiniplex_forest_straight_2
D:4:      layout_basic, hangedman_decor_peaks_small,
          nicolae_concentric_dashed_squares_mild, kennysheep_orc_chapel,
          uniq_menkaure
D:5:      layout_layer_cave, chequers_temple_overflow_statue_of_worship,
          serial_shops, nicolae_diamond_shop, nrook_campfire,
          reono_crystal_passage, minmay_misc_feat_room
D:6:      layout_basic, mainiacjoe_overflow_small_starburst,
          mainiacjoe_overflow_six_doors_small, minmay_temple_entry_fiery,
          amcnicky_mini_pool_medium, uniq_blork_the_orc

Skill      XL: |  1  2  3  4  5  6  7 |
---------------+----------------------+-----
Conjurations   | 2 3 4 |  4.0
Spellcasting   | 3 4 |  4.1
Necromancy     | 2 4 |  4.1
Air Magic      | 4 5 |  5.2
Dodging        | |  2.0
Stealth        | |  2.6

Action                     |  1- 3 |  4- 6 |  7- 9 || total
---------------------------+-------+-------+-------++-------
  Melee: Unarmed           |    24 |    71 |    33 ||   128
         Constrict         |     6 |    20 |     8 ||    34
         Tentacles         |     6 |    23 |    13 ||    42
         Punch             |       |       |     4 ||     4
   Cast: Shock             |    59 |    79 |    31 ||   169
 Invoke: Sacrifice Drink   |     1 |       |       ||     1
         Sacrifice Courage |       |     1 |       ||     1
         Sacrifice Love    |       |       |     1 ||     1
    Use: Potion            |       |     1 |       ||     1
   Stab: Sleeping          |       |     2 |     1 ||     3
         Distracted        |       |     1 |       ||     1
 Armour: Skin              |     9 |    43 |    24 ||    76
  Dodge: Dodged            |    14 |    46 |    28 ||    88

Table legend: (Time is in decaauts)
 A = Elapsed time spent in this place.
 B = Non-inter-level travel time spent in this place.
 C = Inter-level travel time spent in this place.
 D = Time resting spent in this place.
 E = Time spent auto-exploring this place.
 F = Levels seen in this place.
 G = Mean time per level.
                   A        B        C        D        E       F      G
               +--------+--------+--------+--------+--------+-----+--------+
         Total |   5577 |   5375 |    202 |    904 |   3599 |   6 |  929.5 |
       Dungeon |   5577 |   5375 |    202 |    904 |   3599 |   6 |  929.5 |
               +--------+--------+--------+--------+--------+-----+--------+

Top non-repeatable levels by time:
     D:5: 1267 daAuts
     D:3: 1218 daAuts
     D:1: 1140 daAuts
     D:2: 1061 daAuts
     D:4: 849 daAuts
     D:6: 39 daAuts
